 Dungeon Crawl Stone Soup version 0.26-a0-812-g31a745ddcd (webtiles) character file.

Game seed: 6212736733843573926

25 Borgoz the Twirler (level 3, 0/22 HPs)
             Began as a Gargoyle Gladiator on Dec 7, 2020.
             Slain by an adder (2 damage)
             ... on level 2 of the Dungeon.
             The game lasted 00:00:48 (534 turns).

Borgoz the Twirler (Gargoyle Gladiator)              Turns: 534, Time: 00:00:48

Health: 0/22       AC:  7    Str: 17    XL:     3   Next: 4%
Magic:  3/3        EV: 12    Int:  8    God:
Gold:   12         SH:  0    Dex: 12    Spells: 2/2 levels left

rFire    . . .     SeeInvis .   a - +0 quarterstaff
rCold    . . .     Faith    .   (shield currently unavailable)
rNeg     + . .     Spirit   .   b - +0 leather armour
rPois    ∞         Reflect  .   c - +0 helmet
rElec    +         Harm     .   (no cloak)
rCorr    .         Rampage  .   (no gloves)
MR       .....                  (no boots)
Stlth    +.........             (no amulet)
HPRegen  0.07/turn              (no ring)
MPRegen  0.08/turn              (no ring)

@: no status effects
A: negative energy resistance 1, electricity resistance, unbreathing,
petrification resistance, rot immunity, AC +3
a: no special abilities


You were on level 2 of the Dungeon.
You visited 1 branch of the dungeon, and saw 2 of its levels.

You collected 12 gold pieces.

Inventory:

Hand Weapons
 a - a +0 quarterstaff (weapon)
Missiles
 d - 3 throwing nets (quivered)
Armour
 b - a +0 leather armour (worn)
 c - a +0 helmet (worn)
Jewellery
 f - an uncursed amulet of reflection {unknown}
Scrolls
 e - a scroll of identify {unknown}
 i - a scroll of magic mapping {unknown}
Potions
 g - a potion of haste {unknown}
 h - 2 potions of curing {unknown}


   Skills:
 * Level 2.7 Fighting
 * Level 3.3 Staves
 - Level 1.7 Throwing
 + Level 0.7 Armour
 * Level 2.7 Dodging


You had 2 spell levels left.
You didn't know any spells.
Your spell library was empty.

Dungeon Overview and Level Annotations

Branches:
Dungeon (2/15)

Altars:


Innate Abilities, Weirdness & Mutations

You are resistant to torment.
Your stone body is resilient. (AC +3)
You are immune to poison.
You resist negative energy. (rN+)
You are resistant to electric shocks. (rElec)
You can survive without breathing.
You are immune to petrification.
You are immune to rotting.


Message History

The adder is moderately wounded.
The adder bites you. The kobold completely misses you. The adder bites you.
* * * LOW HITPOINT WARNING * * *
You hit the adder but do no damage.
The adder is moderately wounded.
The adder bites you but does no damage. The kobold misses you.
You hit the adder.
The adder is heavily wounded.
The adder bites you.
* * * LOW HITPOINT WARNING * * *
The kobold misses you. The adder bites you but does no damage.
You miss the adder.
The adder is heavily wounded.
The kobold barely misses you. The adder bites you but does no damage.
You closely miss the adder.
The adder is heavily wounded.
The adder bites you.
* * * LOW HITPOINT WARNING * * *
The kobold hits you but does no damage. The adder bites you.
You die...

......................
##.....##...........
#.....##...........
#.....##...........
####.....##...........
#.....###..)..........
#.##..#...###.....†...
#..##........>.........
. #...@................
......KS..######.#...†..
.###.....## ###.####...
..>..... ........<..
..#......?. ##.###....
...!...#..## #....)....
....... .######...†.....
....... .........#######
########.# #


You could see an adder and a kobold.

Vanquished Creatures
  A dart slug (D:2)
  A ball python (D:2)
  5 giant cockroaches (D:2)
  A hobgoblin (D:2)
  5 jackals (D:2)
  A bat (D:2)
  A frilled lizard (D:1)
  3 kobolds
  3 rats (D:2)
21 creatures vanquished.

Notes
Turn   | Place    | Note
-------+----------+-------------------------------------------
     0 | D:1      | Borgoz the Gargoyle Gladiator began the quest for the Orb.
     0 | D:1      | Reached XP level 1. HP: 12/12 MP: 1/1
   199 | D:1      | You fall into a shaft and drop 1 floor!
   314 | D:2      | Reached XP level 2. HP: 18/18 MP: 2/2
   510 | D:2      | Reached XP level 3. HP: 21/22 MP: 3/3
   534 | D:2      | Slain by an adder

Illustrated notes

Levels and vault maps discovered:
D:1:      grunt_arrival_lava_bath, layout_loops_ring,
          chequers_serial_rivers_micro_b
D:2:      layout_rooms, uniq_terence

Action                   || total
-------------------------++-------
Melee: Quarterstaff      ||    73
 Stab: Distracted        ||     1
Armor: Leather armour    ||    49
Dodge: Dodged            ||    70

Table legend: (Time is in decaauts)
 A = Elapsed time spent in this place.
 B = Non-inter-level travel time spent in this place.
 C = Inter-level travel time spent in this place.
 D = Time resting spent in this place.
 E = Time spent auto-exploring this place.
 F = Levels seen in this place.
 G = Mean time per level.
                   A        B        C        D        E       F      G
               +--------+--------+--------+--------+--------+-----+--------+
         Total |    544 |    544 |      0 |    138 |    285 |   2 |  272.0 |
       Dungeon |    544 |    544 |      0 |    138 |    285 |   2 |  272.0 |
               +--------+--------+--------+--------+--------+-----+--------+

Top non-repeatable levels by time:
     D:2: 343 daAuts
     D:1: 200 daAuts
